 Dungeon Crawl Stone Soup version 0.26-a0-752-gcff87cac9a (console) character file.

Game seed: 5312788937000201383

172 Ignak the Sneak (level 5, 0/37 HPs)
             Began as a Gnoll Enchanter on Nov 6, 2020.
             Succumbed to an adder's poison
             ... in a sewer.
             The game lasted 00:06:30 (2360 turns).

Ignak the Sneak (Gnoll Enchanter)                   Turns: 2360, Time: 00:06:31

Health: 0/37       AC:  3    Str: 11    XL:     5   Next: 52%
Magic:  0/12       EV: 14    Int: 17    God:
Gold:   42         SH:  0    Dex: 16    Spells: 2/14 levels left

rFire    . . .     SeeInvis .   a - +1 dagger
rCold    . . .     Faith    .   (no shield)
rNeg     . . .     Spirit   .   g - +0 leather armour
rPois    .         Reflect  .   (no helmet)
rElec    .         Harm     .   (no cloak)
rCorr    .         Rampage  .   (no gloves)
MR       .....                  (no boots)
Stlth    +++.......             (no amulet)
HPRegen  0.12/turn              (no ring)
MPRegen  0.13/turn              (no ring)

@: lethally poisoned (0 -> -6), very slightly contaminated
A: distributed training, fangs 1, strong nose
a: no special abilities


You were in a sewer.
You visited 1 branch of the dungeon, and saw 3 of its levels.
You also visited: Sewer.

You collected 42 gold pieces.

Inventory:

Hand Weapons
 a - a +1 dagger (weapon)
Missiles
 e - 6 boomerangs (quivered)
Armour
 g - a +0 leather armour (worn)
Scrolls
 d - 4 scrolls of identify
 j - a scroll of blinking {unknown}
Potions
 c - a potion of degeneration {unknown}
 f - a potion of cancellation
 i - a potion of heal wounds


   Skills:
 + Level 1.5 Fighting
 + Level 3.0 Short Blades
 + Level 1.5 Long Blades
 + Level 1.5 Axes
 + Level 1.5 Maces & Flails
 + Level 1.5 Polearms
 + Level 1.5 Staves
 + Level 1.5 Slings
 + Level 1.5 Bows
 + Level 1.5 Crossbows
 + Level 1.5 Throwing
 + Level 1.5 Armour
 + Level 4.8 Dodging
 + Level 6.1 Stealth
 + Level 1.5 Shields
 + Level 1.5 Unarmed Combat
 + Level 5.2 Spellcasting
 + Level 1.2 Conjurations
 + Level 5.5 Hexes
 + Level 1.2 Summonings
 + Level 1.2 Necromancy
 + Level 1.2 Translocations
 + Level 1.2 Transmutations
 + Level 1.2 Fire Magic
 + Level 1.2 Ice Magic
 + Level 1.2 Air Magic
 + Level 1.2 Earth Magic
 + Level 1.2 Poison Magic
 + Level 1.7 Invocations
 + Level 1.5 Evocations


You had 2 spell levels left.
You knew the following spells:

 Your Spells              Type           Power        Failure   Level
a - Confusing Touch       Hex            ###.....     5%          3
b - Corona                Hex            ###....      1%          1
c - Ensorcelled Hibernat  Hex/Ice        ###...       7%          2
d - Tukima's Dance        Hex            ###.....     5%          3
f - Dazzling Flash        Conj/Hex       ###...       14%         3

Your spell library contained the following spells:

 Spells                   Type           Power        Failure   Level


Dungeon Overview and Level Annotations

Branches:
Dungeon (3/15)              Sewer (1/1)

Altars:


Innate Abilities, Weirdness & Mutations

Your experience applies equally to all skills.
You have very sharp teeth.
Your uncanny sense of smell can sniff out nearby items.


Message History

The giant cockroach waves its antennae.
The giant cockroach bites you but does no damage.
Casting: Ensorcelled Hibernation (safe; 7% risk of failure)
Confirm with . or Enter, or press ? or * to list all spells.
Press: ? - help, Shift-Dir - straight line, f - frilled lizard
Aim: a frilled lizard (chance to defeat MR: 63%)
You miscast Ensorcelled Hibernation.
You are very lightly contaminated with residual magic.
Nothing appears to happen.
* * * LOW HITPOINT WARNING * * *
You feel sick. The frilled lizard barely misses you.
The giant cockroach closely misses you.
You closely miss the frilled lizard. You bite the frilled lizard.
The frilled lizard is heavily wounded.
The giant cockroach splashes around in the water.
The frilled lizard closely misses you.
Unknown command.
You hit the frilled lizard.
You kill the frilled lizard!
You die...

#≈≈≈≈≈≈≈≈≈
#≈≈≈≈≈≈≈≈≈
#≈≈≈≈≈≈≈≈≈≈≈≈≈≈≈≈≈≈
#≈≈≈≈.≈≈≈≈≈≈≈≈≈≈≈≈≈
#.≈≈≈.≈≈≈≈≈≈≈≈≈≈≈≈≈
#.≈≈≈≈..≈≈≈≈≈≈≈≈≈≈.
#.≈≈≈≈≈≈≈≈≈≈≈≈≈≈≈≈≈
#.B≈≈≈≈≈≈≈≈≈≈≈≈≈≈≈≈
#.@≈≈†≈≈≈≈≈≈≈≈≈≈≈≈≈
##.................
##################
##### #.∩.∩ #####


You could see a giant cockroach.

Vanquished Creatures
  A centaur skeleton (D:2)
  8 adders
  A worm (D:2)
  2 dart slugs
  6 leopard geckos
  2 ball pythons
  5 giant cockroaches
  5 hobgoblins
  6 kobolds
  6 bats
  7 frilled lizards
  8 goblins
  5 rats
62 creatures vanquished.

Notes
Turn   | Place    | Note
-------+----------+-------------------------------------------
     0 | D:1      | Ignak the Gnoll Enchanter began the quest for the Orb.
     0 | D:1      | Reached XP level 1. HP: 13/13 MP: 6/6
   228 | D:1      | Reached XP level 2. HP: 16/19 MP: 7/7
   232 | D:1      | Learned a level 2 spell: Ensorcelled Hibernation
   774 | D:1      | Reached XP level 3. HP: 25/25 MP: 9/9
   779 | D:1      | Learned a level 3 spell: Confusing Touch
   783 | D:1      | Learned a level 3 spell: Dazzling Flash
  1124 | D:2      | Reached skill level 5 in Spellcasting
  1246 | D:2      | Reached skill level 6 in Stealth
  1316 | D:2      | Reached skill level 1 in Invocations
  1608 | D:2      | Reached skill level 1 in Fighting
  1608 | D:2      | Reached skill level 1 in Long Blades
  1608 | D:2      | Reached skill level 1 in Axes
  1608 | D:2      | Reached skill level 1 in Maces & Flails
  1608 | D:2      | Reached skill level 1 in Polearms
  1608 | D:2      | Reached skill level 1 in Staves
  1608 | D:2      | Reached skill level 1 in Slings
  1608 | D:2      | Reached skill level 1 in Bows
  1608 | D:2      | Reached skill level 1 in Crossbows
  1608 | D:2      | Reached skill level 1 in Throwing
  1608 | D:2      | Reached skill level 1 in Armour
  1608 | D:2      | Reached skill level 1 in Shields
  1608 | D:2      | Reached skill level 1 in Unarmed Combat
  1608 | D:2      | Reached skill level 1 in Evocations
  1688 | D:2      | Reached XP level 4. HP: 32/32 MP: 11/11
  1807 | D:2      | Reached skill level 1 in Conjurations
  1807 | D:2      | Reached skill level 1 in Summonings
  1807 | D:2      | Reached skill level 1 in Necromancy
  1807 | D:2      | Reached skill level 1 in Translocations
  1807 | D:2      | Reached skill level 1 in Transmutations
  1807 | D:2      | Reached skill level 1 in Fire Magic
  1807 | D:2      | Reached skill level 1 in Ice Magic
  1807 | D:2      | Reached skill level 1 in Air Magic
  1807 | D:2      | Reached skill level 1 in Earth Magic
  1807 | D:2      | Reached skill level 1 in Poison Magic
  1829 | D:2      | Learned a level 3 spell: Tukima's Dance
  2033 | D:3      | Found a glowing drain.
  2035 | D:3      | Reached XP level 5. HP: 25/37 MP: 12/12
  2040 | Sewer    | Entered a sewer
  2358 | Sewer    | HP: 1/37 [poisoned by an adder]
  2360 | Sewer    | Succumbed to an adder's poison

Illustrated notes

Levels and vault maps discovered:
D:1:      heliophobic_arrival_glass_houses, layout_loops_ring
D:2:      layout_loops_cross
D:3:      layout_rooms, gup_sewer_entry_bubbles
Sewer:    sewer_frog_island_01

Skill      XL: |  1  2  3  4  5 |
---------------+----------------+-----
Spellcasting   | 5 |  5.2
Stealth        | 6 |  6.1
Invocations    | 1 |  1.7
Fighting       | 1 |  1.5
Long Blades    | 1 |  1.5
Axes           | 1 |  1.5
Maces & Flails | 1 |  1.5
Polearms       | 1 |  1.5
Staves         | 1 |  1.5
Slings         | 1 |  1.5
Bows           | 1 |  1.5
Crossbows      | 1 |  1.5
Throwing       | 1 |  1.5
Armour         | 1 |  1.5
Shields        | 1 |  1.5
Unarmed Combat | 1 |  1.5
Evocations     | 1 |  1.5
Conjurations   | 1 |  1.2
Summonings     | 1 |  1.2
Necromancy     | 1 |  1.2
Translocations | 1 |  1.2
Transmutations | 1 |  1.2
Fire Magic     | 1 |  1.2
Ice Magic      | 1 |  1.2
Air Magic      | 1 |  1.2
Earth Magic    | 1 |  1.2
Poison Magic   | 1 |  1.2
Short Blades   | 3 |  3.0
Dodging        | |  4.8
Hexes          | |  5.5

Action                   |  1- 3 |  4- 6 || total
-------------------------+-------+-------++-------
Melee: Dagger            |    92 |    89 ||   181
       Bite              |     9 |    11 ||    20
       Punch             |       |     1 ||     1
Throw: Boomerang         |     2 |     6 ||     8
 Cast: Ensorcelled Hiber |    15 |    13 ||    28
       Confusing Touch   |       |     4 ||     4
       Dazzling Flash    |       |     1 ||     1
  Use: Scroll            |       |     3 ||     3
       Potion            |       |     1 ||     1
 Stab: Sleeping          |    19 |     8 ||    27
Armor: Robe              |    20 |       ||    20
       Leather armour    |       |    17 ||    17
Dodge: Dodged            |    77 |    88 ||   165

Table legend: (Time is in decaauts)
 A = Elapsed time spent in this place.
 B = Non-inter-level travel time spent in this place.
 C = Inter-level travel time spent in this place.
 D = Time resting spent in this place.
 E = Time spent auto-exploring this place.
 F = Levels seen in this place.
 G = Mean time per level.
                   A        B        C        D        E       F      G
               +--------+--------+--------+--------+--------+-----+--------+
         Total |   2360 |   2320 |     40 |    343 |   1167 |   4 |  590.0 |
       Dungeon |   2027 |   1987 |     40 |    186 |   1167 |   3 |  675.7 |
         Sewer |    332 |    332 |      0 |    157 |      0 |   1 |  332.0 |
               +--------+--------+--------+--------+--------+-----+--------+

Top non-repeatable levels by time:
     D:1: 1085 daAuts
     D:2: 818 daAuts
   Sewer: 332 daAuts
     D:3: 123 daAuts
